 Dungeon Crawl Stone Soup version 0.32-a0-872-g59262bdc9b (webtiles) character file.

Game seed: 7979805309875662512

200 Heh the Trooper (level 5, 0/85 HPs)
             Began as an Octopode Air Elementalist on Mar 31, 2024.
             Slain by an iguana (7 damage)
             ... on level 4 of the Dungeon.
             The game lasted 00:06:41 (3077 turns).

Heh the Trooper (Octopode Air Elementalist)         Turns: 3077, Time: 00:06:42

Health: 0/85       AC: 22    Str:  6 (7)  XL:     5   Next: 79%
Magic:  7/8        EV:  2    Int: 14 (17) God:
Gold:   294        SH:  0    Dex: 14 (15) Spells: 3/8 levels left

rFire   . . .        r - +1 scimitar (holy)
rCold   . . .        (no shield)
rNeg    . . .        (helmet currently unavailable)
rPois   +            (no amulet)
rElec   .            (no ring)
rCorr   .            (no ring)
SInv    .            (no ring)
Will    .....        (no ring) Stlth
                     (no ring)
HPRegen 0.34/turn    (no ring)
MPRegen 0.11/turn    (no ring)
                     (no ring)

%: no passive effects
@: berserking, tree-form, attractive, constricted, very quick
A: stationary, stasis, torment immunity, boosted hp, almost no armour,
(amphibious), 8 rings, (camouflage 1), (gelatinous body 1), (nimble swimmer 1),
(tentacles)
a: no special abilities


You were on level 4 of the Dungeon.
You were a tree.
You visited 1 branch of the dungeon, and saw 4 of its levels.

You collected 294 gold pieces.

Inventory:

Hand Weapons
 d - a +0 short sword
 g - a +0 dagger
 l - a +0 rapier
 r - a +1 scimitar of holy wrath (weapon)
Missiles
 v - 6 javelins
Magical Staves
 i - a staff of alchemy
Jewellery
 j - an amulet of guardian spirit
Wands
 u - a wand of mindburst (11)
Scrolls
 c - a scroll of noise {unknown}
 f - a scroll of amnesia {unknown}
 k - a scroll of blinking
 n - a scroll of fog
 o - a scroll of acquirement {unknown}
 p - 2 scrolls of vulnerability {unknown}
 s - a scroll of torment
 t - 3 scrolls of teleportation {unknown}
Potions
 a - 2 potions of magic
 e - a potion of might {unknown}
 h - a potion of degeneration
 m - a potion of attraction
 q - a potion of berserk rage
 w - 2 potions of enlightenment {unknown}
 x - a potion of curing {unknown}


   Skills:
 + Level 4.4 Fighting
 + Level 3.4 Dodging
 - Level 2.6 Stealth
 - Level 2.0 Spellcasting
 - Level 1.0 Conjurations
 + Level 3.1 Air Magic


You had 3 spell levels left.
You knew the following spells:

 Your Spells              Type           Power      Damage    Failure   Level
a - Shock                 Conj/Air       28%        1d4       11%         1
b - Airstrike             Air            5%         2d(1-17)  54%         4

Your spell library contained the following spells:

 Spells                   Type           Power      Damage    Failure   Level
 Static Discharge         Conj/Air       14%        3-4/arc   16%         2
 Swiftness                Air            10%        N/A       21%         3
 Apportation              Tloc           2%         N/A       24%         1
 Jinxbite                 Hex            2%         N/A       34%         2
 Passwall                 Erth           1%         N/A       56%         3
 Tukima's Dance           Hex            1%         N/A       56%         3
 Volatile Blastmotes      Fire/Tloc      2%         2d10      56%         3
 Vhi's Electric Charge    Tloc/Air       10%        N/A       77%         4
 Iskenderun's Mystic Bla Conj/Tloc 2%             2d3        (+2d1     88%         4
 Dimensional Bullseye     Hex/Tloc       0%         N/A       93%         4
 Alistair's Intoxication  Alch           0%         N/A       100%        5
 Yara's Violent Unravell  Hex/Alch       0%         3d3       100%        5
 Bombard                  Conj/Erth      1%         9d1       100%        6
 Enfeeble                 Hex            0%         N/A       100%        7


Dungeon Overview and Level Annotations

Branches:
Dungeon (4/15)
 Temple: D:4-7

Altars:
Ashenzari
Hepliaklqana
Wu Jian

Annotations:
D:4 Grinder, Sigmund


Innate Abilities, Weirdness & Mutations

You are a tree.
Your roots penetrate the ground, keeping you stationary.
You cannot be teleported.
You are immune to unholy pain and torment.
Your maximum health is greatly increased.
You cannot wear most types of armour.
((You are amphibious.))
You can wear up to eight rings at the same time.
((Your skin changes colour to match your surroundings (Stealth+).))
((Your rubbery body absorbs attacks. (AC +1, EV +1)))
((You are camouflaged when in or above water. (Stealth+)))
((You have tentacles for arms and can constrict up to eight enemies at once.))


Message History

The ball python bites you. The ball python constricts you.
Grinder gestures at you.
You shrug off the repeated paralysis!
The ball python barely misses you. The ball python constricts you.
You can move again.
You barely miss Grinder. You grab Grinder. You squeeze Grinder.
Grinder is almost dead.
You constrict Grinder. Grinder hits you.
* * * LOW HITPOINT WARNING * * *
You writhe in agony.
* * * LOW HITPOINT WARNING * * *
The ball python bites you.
* * * LOW HITPOINT WARNING * * *
The ball python constricts you.
* * * LOW HITPOINT WARNING * * *
Grinder blinks free of you.
Grinder blinks free!
The ball python bites you.
* * * LOW HITPOINT WARNING * * *
The ball python constricts you.
* * * LOW HITPOINT WARNING * * *
You turn into a tree.
Your roots penetrate the ground.
The iguana bites you but does no damage.
The ball python bites you but does no damage.
The ball python constricts you.
It was a potion of degeneration.
There was something very wrong with that liquid.
You feel weakened.
You feel dopey.
You feel clumsy. The ball python completely misses you.
The ball python constricts you.
The iguana bites you but does no damage.
It was a potion of attraction.
You feel attractive to monsters.
The ball python bites you but does no damage.
The ball python constricts you.
The iguana bites you but does no damage.
The ribbon worm is attracted toward you.
It was a potion of berserk rage.
A red film seems to cover your vision as you go berserk!
You feel yourself moving faster!
You feel mighty!
The ball python bites you but does no damage.
The ball python constricts you. The iguana bites you!
You die...

#......#####..........
#......#...#..........
#......#...'..........
#......#...#..........
#......#...#..........
#......#...#..........
#......#...#########).
#......#...........#..
#....♣.#...........#..
#...5Sl#...........#..
#....w.#...........#..
#....§.#...........#..
#......#...##....<.#..
#......#...##......#..
#....†.######......'..
#....... #......#..
#......#..


You could see Grinder, a ribbon worm, an iguana and a ball python.

Vanquished Creatures
  A jelly (D:3)
  An orc wizard (D:4)
  A mummy (D:4)
  4 adders
  A gnoll (D:1)
  A dart slug (D:1)
  4 orcs
  8 ball pythons
  7 bats
  5 endoplasms
  6 giant cockroaches
  8 goblins
  8 hobgoblins
  2 jackals (D:2)
  2 quokkas
  7 frilled lizards
  6 kobolds
  3 kobold zombies (D:4)
  An orc zombie (D:4)
  7 rats
83 creatures vanquished.

Notes
Turn   | Place    | Note
-------+----------+-------------------------------------------
     0 | D:1      | Heh the Octopode Air Elementalist began the quest for the
                  | Orb.
     0 | D:1      | Reached XP level 1. HP: 11/11 MP: 3/3
    49 | D:1      | Reached skill level 1 in Fighting
    49 | D:1      | Reached XP level 2. HP: 19/19 MP: 5/5
   103 | D:1      | Reached skill level 2 in Fighting
   229 | D:1      | Reached XP level 3. HP: 21/25 MP: 6/6
   427 | D:1      | Found a faded altar of an unknown god.
   505 | D:1      | Reached skill level 3 in Fighting
  1141 | D:2      | Reached XP level 4. HP: 30/31 MP: 7/7
  1147 | D:2      | Found an ornate altar of the Wu Jian Council.
  1212 | D:2      | Identified the +1 hand axe "Esips" {flame, rC+ SInv}
  1479 | D:3      | Found a hazy altar of Hepliaklqana.
  1853 | D:3      | Found a broken altar of Ashenzari.
  1882 | D:3      | Reached skill level 4 in Fighting
  1882 | D:3      | Reached XP level 5. HP: 12/37 MP: 8/8
  2933 | D:4      | Noticed Sigmund
  2961 | D:4      | Learned a level 4 spell: Airstrike
  3065 | D:4      | Noticed Grinder
  3071 | D:4      | Paralysed by Grinder for 2 turns
  3077 | D:4      | Slain by an iguana

Illustrated notes

Levels and vault maps discovered:
D:1:      elethiomel_arrival_shortcut, layout_basic, basic_ecumenical_altar,
          grunt_decor_mini_mirrors, kennysheep_flooded_box,
          chequers_serial_rivers_micro_e, chequers_serial_rivers_micro_d
D:2:      layout_rooms, basic_altar, dreamdust_wishing_well
D:3:      layout_basic, old_standard_altar, nicolae_overflow_crystal_walls,
          hex_tiny
D:4:      layout_gridville, minmay_mini_ossuary, uniq_sigmund, uniq_grinder

Skill      XL: |  1  2  3  4  5 |
---------------+----------------+-----
Fighting       | 1 2 3 4 |  4.4
Dodging        | 3 |  3.4
Stealth        | |  2.6
Spellcasting   | |  2.0
Conjurations   | |  1.0
Air Magic      | |  3.1

Action                     |  1- 3 |  4- 6 || total
---------------------------+-------+-------++-------
  Melee: Unarmed           |    11 |       ||    11
         Constrict         |    18 |    25 ||    43
         Short sword       |    33 |       ||    33
         Tentacles         |    11 |    13 ||    24
         Dagger            |    18 |       ||    18
         Rapier            |    10 |    37 ||    47
         Staff             |     2 |       ||     2
         Scimitar          |       |    27 ||    27
   Cast: Shock             |     5 |    12 ||    17
    Use: Scroll            |       |     4 ||     4
         Potion            |       |     4 ||     4
   Stab: Sleeping          |     9 |     6 ||    15
 Armour: Skin              |    31 |    51 ||    82
  Dodge: Dodged            |    36 |    38 ||    74

Table legend: (Time is in decaauts)
 A = Elapsed time spent in this place.
 B = Non-inter-level travel time spent in this place.
 C = Inter-level travel time spent in this place.
 D = Time resting spent in this place.
 E = Time spent auto-exploring this place.
 F = Levels seen in this place.
 G = Mean time per level.
                   A        B        C        D        E       F      G
               +--------+--------+--------+--------+--------+-----+--------+
         Total |   3093 |   2905 |    188 |      0 |   2316 |   4 |  773.2 |
       Dungeon |   3093 |   2905 |    188 |      0 |   2316 |   4 |  773.2 |
               +--------+--------+--------+--------+--------+-----+--------+

Top non-repeatable levels by time:
     D:3: 1153 daAuts
     D:1: 979 daAuts
     D:4: 549 daAuts
     D:2: 411 daAuts
